 Dungeon Crawl Stone Soup version 0.25.0-9-g26727b657a (webtiles) character file.

Game seed: 11600244006422137017

134 Dirian the Shield-Bearer (level 4, -3/40 HPs)
             Began as a Minotaur Fighter on June 16, 2020.
             Killed by nerve-wracking pain
             ... invoked by an orc priest
              (6 damage)
             ... on level 3 of the Dungeon.
             The game lasted 00:02:28 (2056 turns).

Dirian the Shield-Bearer (Minotaur Fighter)         Turns: 2056, Time: 00:02:28

Health: -3/40      AC:  9    Str: 20    XL:     4   Next: 95%
Magic:  3/3        EV:  7    Int:  5    God:
Gold:   140        SH:  9    Dex: 11    Spells: 3/3 levels left

rFire    + . .     SeeInvis .   a - +0 long sword
rCold    + . .     Gourm    .   c - +0 kite shield
rNeg     . . .     Faith    .   b - +0 scale mail
rPois    .         Spirit   .   (helmet restricted)
rElec    .         Reflect  .   s - scarf {rC+ rF+}
rCorr    .         Harm     .   (no gloves)
MR       .....                  x - +1 pair of boots
Stlth    ..........             (no amulet)
HPRegen  0.13/turn              (no ring)
MPRegen  0.08/turn              (no ring)

@: no status effects
A: retaliatory headbutt, horns 2
a: no special abilities


You were on level 3 of the Dungeon.
You were not hungry.

You visited 1 branch of the dungeon, and saw 3 of its levels.

You collected 140 gold pieces.

Inventory:

Hand Weapons
 a - a +0 long sword (weapon)
Armour
 b - a +0 scale mail (worn)
 c - a +0 kite shield (worn)
 p - a +0 cloak
 s - a scarf of resistance (worn)
 x - a +1 pair of boots (worn)
Scrolls
 g - 5 scrolls of identify {unknown}
 h - 2 scrolls of remove curse {unknown}
 j - 2 scrolls of amnesia {unknown}
 k - a scroll of teleportation {unknown}
 m - a scroll of immolation {unknown}
 n - 2 scrolls of random uselessness {unknown}
 o - a scroll of enchant armour {unknown}
 t - a scroll of blinking {unknown}
 u - a scroll of noise {unknown}
Potions
 d - a potion of might
 i - a potion of brilliance {unknown}
 l - a potion of lignification {unknown}
 q - a potion of mutation {unknown}
 r - a potion of degeneration {unknown}
 v - a potion of magic {unknown}
 w - a potion of stabbing {unknown}
Comestibles
 e - 3 rations
 f - 2 chunks of flesh


   Skills:
 + Level 4.2 Fighting
 * Level 4.4 Long Blades
 + Level 4.4 Armour
 + Level 4.6 Shields


You had 3 spell levels left.
You didn't know any spells.
Your spell library was empty.

Dungeon Overview and Level Annotations

Branches:
Dungeon (3/15)

Altars:
Nemelex Xobeh
The Shining One


Innate Abilities, Weirdness & Mutations

You reflexively headbutt those who attack you in melee.
You have a pair of horns on your head.


Message History

You closely miss the orc. You block the orc's attack.
You closely miss the orc. Your headbutt misses the orc.
The orc barely misses you.
You hit the orc. You headbutt the orc.
You kill the orc!
The orc priest invokes the aid of Beogh against you.
You barely resist.
You hit the orc priest but do no damage.
The orc priest calls down the wrath of Beogh upon you.
Beogh smites you!
You completely miss the orc priest. The orc priest hits you.
* * * LOW HITPOINT WARNING * * *
Your shield and scale mail prevent you from hitting the orc priest.
The orc priest invokes the aid of Beogh against you.
Beogh smites you!
* * * LOW HITPOINT WARNING * * *
You hit the orc priest but do no damage.
The orc priest calls down the wrath of Beogh upon you.
Pain shoots through your body!
You die...

... #.# #.# ##+#
#.# ##[..# #.#
##.....##.#
#.......#.# ##
.......<).###...#.
..........@o......
.........####...##
#.......## #..
##.....## ##...#
##+#


You could see an orc priest.

Vanquished Creatures
  An orc wizard (D:3)
  3 adders (D:2)
  3 worms (D:2)
  3 leopard geckos
  7 orcs
  11 bats
  5 giant cockroaches
  2 goblins (D:1)
  2 hobgoblins
  10 jackals (D:2)
  2 quokkas (D:2)
  A ball python (D:1)
  3 frilled lizards
  6 kobolds
  4 rats
63 creatures vanquished.

Notes
Turn   | Place    | Note
-------+----------+-------------------------------------------
     0 | D:1      | Dirian the Minotaur Fighter began the quest for the Orb.
     0 | D:1      | Reached XP level 1. HP: 19/19 MP: 0/0
   174 | D:1      | Reached XP level 2. HP: 27/27 MP: 1/1
   728 | D:2      | Reached XP level 3. HP: 33/33 MP: 2/2
  1147 | D:2      | Found a sparkling altar of Nemelex Xobeh.
  1325 | D:2      | Reached XP level 4. HP: 39/40 MP: 3/3
  1379 | D:2      | Found a glowing golden altar of the Shining One.
  2056 | D:3      | Killed from afar by an orc priest

Illustrated notes

Levels and vault maps discovered:
D:1:      roderic_octagonal_star, layout_basic
D:2:      layout_loops_cross, nemelex_xobeh_ov_fountains_minmay, tso_metal_star
D:3:      layout_loops_corners, nicolae_overflow_crystal_walls, first_ration,
          st_stairs_8, hex_large, uniq_natasha

Skill      XL: |  1  2  3  4 |
---------------+-------------+-----
Shields        | 4 |  4.6
Armour         | 4 |  4.4
Long Blades    | 3 4 |  4.4
Fighting       | 4 |  4.2

Action                   |  1- 3 |  4- 6 || total
-------------------------+-------+-------++-------
Melee: Long sword        |    94 |    70 ||   164
       Headbutt          |    14 |    11 ||    25
  Eat: Chunk             |     1 |     3 ||     4
Armor: Scale mail        |    49 |    21 ||    70
Dodge: Dodged            |    27 |    17 ||    44
Block: Kite shield       |    52 |    32 ||    84
       Rpst.: Long sword |    10 |     3 ||    13
